Workbook
Name \a: #REF!
Name \a: #REF!
Name \a: #REF!
Name \b: #REF!
Name \b: #REF!
Name \b: #REF!
Name \eliminar: [1]RESUM96!#REF!
Name \eliminar: [1]RESUM96!#REF!
Name \eliminar: [1]RESUM96!#REF!
Name \eliminar1: [1]RESUM96!#REF!
Name \eliminar1: [1]RESUM96!#REF!
Name \eliminar1: [1]RESUM96!#REF!
Name \i: [2]INSUMOS!#REF!
Name \i: [2]INSUMOS!#REF!
Name \i: [2]INSUMOS!#REF!
Name \m: [2]INSUMOS!#REF!
Name \m: [2]INSUMOS!#REF!
Name \m: [2]INSUMOS!#REF!
Name \q: #REF!
Name \q: #REF!
Name \q: #REF!
Name \r: [2]INSUMOS!#REF!
Name \r: [2]INSUMOS!#REF!
Name \r: [2]INSUMOS!#REF!
Name \t: [2]INSUMOS!#REF!
Name \t: [2]INSUMOS!#REF!
Name \t: [2]INSUMOS!#REF!
Name \x: [2]INSUMOS!#REF!
Name \x: [2]INSUMOS!#REF!
Name _________________________________apu1: [2]INSUMOS!#REF!
Name _________________________________apu1: [2]INSUMOS!#REF!
Name ________________________________apu1: [2]INSUMOS!#REF!
Name ________________________________apu1: [2]INSUMOS!#REF!
Name _______________________________apu1: [2]INSUMOS!#REF!
Name _______________________________apu1: [2]INSUMOS!#REF!
Name ______________________________apu1: [2]INSUMOS!#REF!
Name ______________________________apu1: [2]INSUMOS!#REF!
Name ____________________________apu1: [2]INSUMOS!#REF!
Name ____________________________apu1: [2]INSUMOS!#REF!
Name ___________________________apu1: [2]INSUMOS!#REF!
Name ___________________________apu1: [2]INSUMOS!#REF!
Name __________________________apu1: [2]INSUMOS!#REF!
Name __________________________apu1: [2]INSUMOS!#REF!
Name _________________________apu1: [2]INSUMOS!#REF!
Name _________________________apu1: [2]INSUMOS!#REF!
Name ________________________apu1: [2]INSUMOS!#REF!
Name ________________________apu1: [2]INSUMOS!#REF!
Name _______________________apu1: [2]INSUMOS!#REF!
Name _______________________apu1: [2]INSUMOS!#REF!
Name _____________________apu1: [2]INSUMOS!#REF!
Name _____________________apu1: [2]INSUMOS!#REF!
Name ____________________apu1: [2]INSUMOS!#REF!
Name ____________________apu1: [2]INSUMOS!#REF!
Name ___________________apu1: [2]INSUMOS!#REF!
Name ___________________apu1: [2]INSUMOS!#REF!
Name __________________apu1: [2]INSUMOS!#REF!
Name __________________apu1: [2]INSUMOS!#REF!
Name _________________apu1: [2]INSUMOS!#REF!
Name _________________apu1: [2]INSUMOS!#REF!
Name ________________apu1: [2]INSUMOS!#REF!

Sheet PRESUPUESTO 
A2: REFORESTACIÓN, CONSERVACIÓN, RESTAURACIÓN, AISLAMIENTO PARA LA PROTECCIÓN DE ECOSISTEMAS, SOSTENIBILIDAD ECOLÓGICA Y AMBIENTAL DEL MUNICIPIO DE PUERTO BOYACÁ.
A3: PRESUPUESTO GENERAL
B4: COD. | D4: UNIDAD | E4: CANTIDAD | F4: VR UNITARIO | G4: VR TOTAL
A5: A | C5: REALIZAR ESTABLECIMIENTO Y AISLAMIENTO COMO MEDIDA COMPENSATORIA AMBIENTAL EN PREDIOS DE INTERÉS HÍDRICO Y ECOLÓGICO | G5: =G9+G8 -> 1.0877134e+08
A6: AI | B6: NUEVO | C6: REFORESTACIÓN INCLUYE ROCERIA, TRAZADO,PLATEO,AHOYADO, REPLANTE, LIMPIAS, APLICACIÓN DE FERTILIZANTES Y CONTROL FITOSANITARIO. | D6: Ha | E6: 3 | F6: ='REFORESTACIÓN '!N38 -> 18435035 | G6: =(E6*F6) -> 55305104
A7: A2 | B7: NUEVO | C7: AISLAMIENTO INCLUYE TRAZADO,AHOYADO, HINCADO, TEMPLADO, CONSERVACIÓN DE CERCOS Y GRAPADO. | D7: Ha | E7: 4 | F7: =AISLAMIENTO!N36 -> 12574535 | G7: =(E7*F7) -> 50298140
A8: SUBTOTAL AI | G8: =G6+G7 -> 1.0560324e+08
A9: INCREMENTO POR DISTANCIA | F9: 0.03 | G9: =G8*F9 -> 3168097.3
A10: B | C10: IMPLEMENTAR MEDIDAS DE CONSERVACIÓN AMBIENTAL EN EL MUNICIPIO DE PUERTO BOYACÁ | G10: =G13+G14 -> 27448205
A11: BI | B11: NUEVO | C11: CONSERVACION FORESTAL INCLUYE PLATEO,AHOYADO,APLICACIÓN DE FERTILIZANTES, CONTROL FITOSANITARIO, REPLANTE, ROCERIA Y CONSERVACIÓN DE CERCA. | D11: Ha | E11: 3 | F11: =CONSERVACIÓN!N37 -> 6662185.7 | G11: =ROUND(E11*F11,0) -> 19986557
A12: BII | B12: NUEVO | C12: RESTAURACIÓN Y/O REVEGETALIZACIÓN FORESTAL INCLUYE PLATEO, AHOYADO, APLICACIÓN DE FERTILIZANTES, CONTROL FITOSANITARIO, REPLANTE. | D12: Ha | E12: 1 | F12: =RESTAURACIÓN!N37 -> 6662186.2 | G12: =(E12*F12) -> 6662186.2
A13: SUBTOTAL AI | G13: =G11+G12 -> 26648743
A14: INCREMENTO POR DISTANCIA | F14: 0.03 | G14: =G13*F14 -> 799462.29
A15: C | C15: EJECUTAR ACTIVIDADES DE RECUPERACIÓN Y CONSERVACIÓN AMBIENTAL DEL RIO MAGDALENA Y SUS AFLUENTES. | G15: =G16 -> 32841060
A16: CI | B16: NUEVO | C16: LIMPIEZA DE FUENTES HIDRICA | D16: KM | E16: 12.689507 | F16: =LIMPIEZA!N36 -> 2588048.5 | G16: =(E16*F16) -> 32841060
A17: COSTO DIRECTO | G17: =G15+G10+G5 -> 1.6906061e+08
C18: ADMINISTRACION | F18: 0.25 | G18: =G17*F18 -> 42265152
C19: IMPREVISTOS | F19: 0.02 | G19: =G17*F19 -> 3381212.1
C20: UTILIDAD | F20: 0.05 | G20: =G17*F20 -> 8453030.3
A21: COSTO TOTAL OBRA | G21: =G17+G19+G18+G20 -> 2.2316e+08
A22: D | C22: ACTIVIDADES COMPLEMENTARIAS | G22: =G23 -> 4840000
A23: DI | B23: NUEVO | C23: REALIZAR TALLERES DE EDUCACIÓN AMBIENTAL EN TORNO A LA CONSERVACIÓN DEL RECURSO HIDRICO. | D23: UNIDAD | E23: 10 | F23: ='TALLERES DE EDU. AMBIENTAL'!J11 -> 484000 | G23: =(E23*F23) -> 4840000
A24: E | C24: ELABORAR DOCUMENTOS TECNICOS Y PRODUCTOS ENTREGABLES | G24: =SUM(G25:G28) -> 12000000
A25: EI | B25: NUEVO | C25: INFORMES PARCIALES Y DOCUMENTO TECNICO (FINAL) DE LAS ACTIVIDADES DE REFORESTACIÓN Y AISLAMIENTO, (INCLUYE REGISTRO FOTOGRAFICO Y ACTAS). | D25: UNIDAD | E25: 1 | F25: 3000000 | G25: =E25*F25 -> 3000000
A26: EII | B26: NUEVO | C26: INFORMES PARCIALES Y DOCUMENTO TECNICO DE LAS ACTIVIDADES DE LIMPIEZA DE FUENTES HIDRICAS Y LOS TALLERES AMBIENTALES INCLUYEN (PLANILLAS DE ASISTENCIA,ACTAS, REGISTRO FOTOGRAFICO) | D26: UNIDAD | E26: 1 | F26: 3000000 | G26: =E26*F26 -> 3000000
A27: EII | B27: NUEVO | C27: INFORMES PARCIALES Y DOCUMENTO TECNICO (FINAL) DE LAS ACTIVIDADES DE CONSERVACIÓN. (INCLUYE REGISTRO FOTOGRAFICO Y ACTAS). | D27: UNIDAD | E27: 1 | F27: 3000000 | G27: =E27*F27 -> 3000000
A28: EIV | B28: NUEVO | C28: INFORMES PARCIALES Y DOCUMENTO TECNICO DE LAS ACTIVIDADES DE RESTAURACIÓN Y/O REVEGETALIZACIÓN FORESTAL (INCLUYE REGISTRO FOTOGRAFICO Y ACTAS). | D28: UNIDAD | E28: 1 | F28: 3000000 | G28: =E28*F28 -> 3000000
A29: COSTO PROYECTO | G29: =ROUND(G22+G21+G24,0) -> 240000000 | J29: 240000000
J31: =J29-G29 -> 0
A33: ELABORÓ: | C33: ING. CATALINA ANDREA VASQUEZ | D33: REVISÓ: | E33: ING. MAURO FAVIAN SALAZAR BUITRAGO
C34: APOYO PROFESIONAL | E34: COORDINADOR UGAM
A37: APROBÓ: | C37: ARQ. BERLY ALEXANDRA VELASQUEZ ANDRADE
C38: SECRETARIO DE PLANEACIÓN MUNICIPAL

Sheet REFORESTACIÓN 
F3: Capitulo | I3: 1. URBANISMO
F4: SubCap. | I4: NUEVO
F5: Actividad | I5: 1.1 | K5: REFORESTACIÓN INCLUYE ROCERIA, TRAZADO,PLATEO,AHOYADO, REPLANTE, LIMPIAS, APLICACIÓN DE FERTILIZANTES Y CONTROL FITOSANITARIO
F6: U.M. | I6: Ha
A8: 1 | B8: Materiales
A10: Descripción | E10: U.M. | J10: Vr. Unitario | L10: Cantidad | N10: Vr. Parcial
A12: PLANTULAS + 10% REPOSICIÓN | E12: UND | J12: ='ESTUDIO DE MERCADO'!J9 -> 8000 | L12: 1222 | N12: =(J12*L12) -> 9776000
A13: FERTILIZANTE TRIPLE 15 POR 50 KILOS | E13: KG | J13: ='ESTUDIO DE MERCADO'!J10 -> 260000 | L13: 2.994859 | N13: =(J13*L13) -> 778663.34
A14: FUNGICIDA | E14: LT | J14: ='ESTUDIO DE MERCADO'!J12 -> 210000 | L14: 2 | N14: =(J14*L14) -> 420000
A15: ABONO ORGANICO | E15: KG | J15: ='ESTUDIO DE MERCADO'!J13 -> 58500 | L15: 18 | N15: =(J15*L15) -> 1053000
A16: INSECTICIDA | E16: LT | J16: ='ESTUDIO DE MERCADO'!J14 -> 183000 | L16: 2 | N16: =(J16*L16) -> 366000
E17: % | N17: =ROUND(J17*L17%,0) -> 0
K18: Total | L18: Materiales | N18: =SUM(N12:N17) -> 12393663
A19: 2 | B19: Equipos
A21: Descripción | E21: U.M. | J21: Vr. Unitario | L21: Cantidad | N21: Vr. Parcial
A23: Camioneta 4x4 | E23: dia | J23: 280000 | L23: 10 | N23: =ROUND(J23*L23,0) -> 2800000
K24: Total | L24: Equipos | N24: =SUM(N23) -> 2800000
A25: 3 | B25: Mano de Obra
A27: Descripción | E27: U.M. | J27: Vr. Unitario | L27: Cantidad | N27: Vr. Parcial
A29: CUADRILLA 9-2- FORESTAL | E29: d | J29: 308702.03 | L29: 10 | N29: =J29*L29 -> 3087020.3
A30: HERRAMIENTA MENOR (M.O) | E30: % | J30: =+N29 -> 3087020.3 | L30: 5 | N30: =(J30*L30%) -> 154351.02
K31: Total | L31: Mano de Obra | N31: =SUM(N29:N30) -> 3241371.3
A32: 4 | B32: Transporte
A34: Descripción | E34: U.M. | J34: Vr. Unitario | L34: Cantidad | N34: Vr. Parcial
N36: =(J36*L36%) -> 0
K37: Total | L37: Transporte | N37: =SUM(N36) -> 0
H38: Total Costos Directos Actividad: | N38: =+N18+N24+N31+N37 -> 18435035

Sheet CONSERVACIÓN
F3: Capitulo | I3: 1, URBANISMO
F4: SubCap. | I4: NUEVO
F5: Actividad | I5: 1.3 | K5: CONSERVACION FORESTAL INCLUYE PLATEO,AHOYADO,APLICACIÓN DE FERTILIZANTES, CONTROL FITOSANITARIO, REPLANTE, ROCERIA )
F6: U.M. | I6: Ha
A8: 1 | B8: Materiales
A10: Descripción | E10: U.M. | J10: Vr. Unitario | L10: Cantidad | N10: Vr. Parcial
A12: PLANTULAS | E12: UND | J12: ='ESTUDIO DE MERCADO'!J9 -> 8000 | L12: 337 | N12: =(J12*L12) -> 2696000
A13: FERTILIZANTE TRIPLE 15 | E13: KG | J13: ='ESTUDIO DE MERCADO'!J10 -> 260000 | L13: 1 | N13: =(J13*L13) -> 260000
A14: FUNGICIDA | E14: LT | J14: ='ESTUDIO DE MERCADO'!J12 -> 210000 | L14: 1 | N14: =(J14*L14) -> 210000
A15: ABONO ORGANICO | E15: KG | J15: ='ESTUDIO DE MERCADO'!J13 -> 58500 | L15: 5 | N15: =(J15*L15) -> 292500
A16: INSECTICIDA | E16: lt | J16: ='ESTUDIO DE MERCADO'!J14 -> 183000 | L16: 1 | N16: =(J16*L16) -> 183000
K17: Total | L17: Materiales | N17: =SUM(N12:N16) -> 3641500
A18: 2 | B18: Equipos
A20: Descripción | E20: U.M. | J20: Vr. Unitario | L20: Cantidad | N20: Vr. Parcial
A22: camioneta 4x4 | E22: dia | J22: 280000 | L22: 5 | N22: =ROUND(J22*L22,0) -> 1400000
K23: Total | L23: Equipos | N23: =SUM(N22) -> 1400000
A24: 3 | B24: Mano de Obra
A26: Descripción | E26: U.M. | J26: Vr. Unitario | L26: Cantidad | N26: Vr. Parcial
A28: CUADRILLA 9-2- FORESTAL | E28: d | J28: 308702.03 | L28: 5 | N28: =J28*L28 -> 1543510.2
A29: HERRAMIENTA MENOR (M.O) | E29: % | J29: =+N28 -> 1543510.2 | L29: 5 | N29: =(J29*L29%) -> 77175.508
K30: Total | L30: Mano de Obra | N30: =SUM(N28:N29) -> 1620685.7
A31: 4 | B31: Transporte
A33: Descripción | E33: U.M. | J33: Vr. Unitario | L33: Cantidad | N33: Vr. Parcial
N35: =(J35*L35%) -> 0
K36: Total | L36: Transporte | N36: =SUM(N35) -> 0
H37: Total Costos Directos Actividad: | N37: =N30+N17+N23+N36 -> 6662185.7

Sheet RESTAURACIÓN
F3: Capitulo | I3: 1, URBANISMO
F4: SubCap. | I4: NUEVO
F5: Actividad | I5: 1.4 | K5: RESTAURACIÓN Y/O REVEGETALIZACIÓN FORESTAL INCLUYE PLATEO, AHOYADO, APLICACIÓN DE FERTILIZANTES, CONTROL FITOSANITARIO, REPLANTE.
F6: U.M. | I6: Ha
A8: 1 | B8: Materiales
A10: Descripción | E10: U.M. | J10: Vr. Unitario | L10: Cantidad | N10: Vr. Parcial
A12: PLANTULAS | E12: UND | J12: ='ESTUDIO DE MERCADO'!J9 -> 8000 | L12: 337 | N12: =J12*L12 -> 2696000
A13: FERTILIZANTE TRIPLE 15 POR 50 KILOS | E13: KG | J13: ='ESTUDIO DE MERCADO'!J10 -> 260000 | L13: 1 | N13: =J13*L13 -> 260000
A14: FUNGICIDA | E14: LT | J14: ='ESTUDIO DE MERCADO'!J12 -> 210000 | L14: 1 | N14: =J14*L14 -> 210000
A15: ABONO ORGANICO | E15: KG | J15: ='ESTUDIO DE MERCADO'!J13 -> 58500 | L15: 5 | N15: =J15*L15 -> 292500
A16: INSECTICIDA | E16: lt | J16: ='ESTUDIO DE MERCADO'!J14 -> 183000 | L16: 1 | N16: =J16*L16 -> 183000
K17: Total | L17: Materiales | N17: =SUM(N12:N16) -> 3641500
A18: 2 | B18: Equipos
A20: Descripción | E20: U.M. | J20: Vr. Unitario | L20: Cantidad | N20: Vr. Parcial
A22: camioneta 4x4 | E22: dia | J22: 280000 | L22: 5 | N22: =ROUND(J22*L22,0) -> 1400000
K23: Total | L23: Equipos | N23: =SUM(N22) -> 1400000
A24: 3 | B24: Mano de Obra
A26: Descripción | E26: U.M. | J26: Vr. Unitario | L26: Cantidad | N26: Vr. Parcial
A28: CUADRILLA 9-2- FORESTAL | E28: d | J28: 308702.03 | L28: 5 | N28: =J28*L28 -> 1543510.2
A29: HERRAMIENTA MENOR (M.O) | E29: % | J29: =+N28 -> 1543510.2 | L29: 5 | N29: =ROUND(J29*L29%,0) -> 77176
K30: Total | L30: Mano de Obra | N30: =SUM(N28:N29) -> 1620686.2
A31: 4 | B31: Transporte
A33: Descripción | E33: U.M. | J33: Vr. Unitario | L33: Cantidad | N33: Vr. Parcial
N35: =(J35*L35%) -> 0
K36: Total | L36: Transporte | N36: =SUM(N35) -> 0
H37: Total Costos Directos Actividad: | N37: =+N17+N23+N30+N36 -> 6662186.2

Sheet AISLAMIENTO
F2: Capitulo | I2: 1. URBANISMO
F3: SubCap. | I3: NUEVO
F4: Actividad | I4: 1.2 | K4: AISLAMIENTO INCLUYE TRAZADO,AHOYADO, HINCADO, TEMPLADO,CONSERVACIÓN DE CERCOS Y GRAPADO.
F5: U.M. | I5: Ha
A7: 1 | B7: Materiales
A9: Descripción | E9: U.M. | J9: Vr. Unitario | L9: Cantidad | N9: Vr. Parcial
A11: POSTE EN CONCRETO | E11: UND | J11: ='ESTUDIO DE MERCADO'!J15 -> 34700 | L11: 200 | N11: =(J11*L11) -> 6940000
A12: ALAMBRE DE PUAS CALIBRE 14 X 500 MTS | E12: rl | J12: ='ESTUDIO DE MERCADO'!J16 -> 395000 | L12: 4 | N12: =(J12*L12) -> 1580000
A13: ALAMBRE GALVANIZADO CALIBRE 14 X 50 KG | E13: KG | J13: ='ESTUDIO DE MERCADO'!J17 -> 595000 | L13: 0.5 | N13: =(J13*L13) -> 297500
A14: Desperdicio (Materiales) | E14: % | J14: =+N11+N12+N13 -> 8817500 | L14: 0.05 | N14: =(J14*L14) -> 440875
N15: =ROUND(J15*L15%,0) -> 0
K16: Total | L16: Materiales | N16: =SUM(N11:N15) -> 9258375
A17: 2 | B17: Equipos
A19: Descripción | E19: U.M. | J19: Vr. Unitario | L19: Cantidad | N19: Vr. Parcial
N21: =ROUND(J21*L21,0) -> 0
K22: Total | L22: Equipos | N22: =SUM(N21) -> 0
A23: 3 | B23: Mano de Obra
A25: Descripción | E25: U.M. | J25: Vr. Unitario | L25: Cantidad | N25: Vr. Parcial
A27: CUADRILLA 9-2- FORESTAL | E27: d | J27: 308702.03 | L27: 7 | N27: =J27*L27 -> 2160914.2
A28: HERRAMIENTA MENOR (M.O) | E28: % | J28: =+N27 -> 2160914.2 | L28: 5 | N28: =(J28*L28%) -> 108045.71
K29: Total | L29: Mano de Obra | N29: =SUM(N27:N28) -> 2268959.9
A30: 4 | B30: Transporte
A32: Descripción | E32: U.M. | J32: Vr. Unitario | L32: Cantidad | N32: Vr. Parcial
A34: TRANSPORTE DE INSUMOS Y PERSONAL | E34: % | J34: 65450 | L34: 16 | N34: =(J34*L34) -> 1047200
K35: Total | L35: Transporte | N35: =SUM(N34) -> 1047200
H36: Total Costos Directos Actividad: | N36: =+N16+N22+N29+N35 -> 12574535

Sheet LIMPIEZA
F2: Capitulo | I2: ACTIVIDADES COMPLEMENTARIAS
F3: SubCap. | I3: NUEVO
F4: Actividad | I4: BI | K4: RECUPERACIÓN Y CONSERVACIÓN AMBIENTAL DEL RIO MAGADALENA Y SUS AFLUENTES. (LIMPIEZA DE FUENTES HIDRICAS)
F5: U.M. | I5: KM
A7: 1 | B7: Materiales
A9: Descripción | E9: U.M. | J9: Vr. Unitario | L9: Cantidad | N9: Vr. Parcial
A11: EMBARCACION GRANDE A TODO COSTO | E11: UN | J11: ='ESTUDIO DE MERCADO'!J3 -> 560000 | L11: 0.17 | N11: =(J11*L11) -> 95200
A12: GANCHOS DE ACERO POR UNIDAD | E12: UN | J12: ='ESTUDIO DE MERCADO'!J5 -> 40000 | L12: 0.33 | N12: =(J12*L12) -> 13200
A13: CUERDA DE ARRASTRE | E13: M | J13: ='ESTUDIO DE MERCADO'!J8 -> 17100 | L13: 2 | N13: =(J13*L13) -> 34200
A14: BOLSAS PARA BASURA PAQUETE X 10 UNIDADES | E14: PAQUETE | J14: ='ESTUDIO DE MERCADO'!J6 -> 9200 | L14: 2 | N14: =(J14*L14) -> 18400
A15: COSTALES DE FIBRA | E15: UN | J15: ='ESTUDIO DE MERCADO'!J7 -> 2100 | L15: 5 | N15: =(J15*L15) -> 10500
K16: Total | L16: Materiales | N16: =SUM(N11:N15) -> 171500
A17: 2 | B17: Equipos
A19: Descripción | E19: U.M. | J19: Vr. Unitario | L19: Cantidad | N19: Vr. Parcial
A21: camioneta 4x4 | E21: dia | J21: 280000 | L21: 4 | N21: =ROUND(J21*L21,0) -> 1120000
K22: Total | L22: Equipos | N22: =SUM(N21) -> 1120000
A23: 3 | B23: Mano de Obra
A25: Descripción | E25: U.M. | J25: Vr. Unitario | L25: Cantidad | N25: Vr. Parcial
A27: CUADRILLA 9-2- FORESTAL | E27: d | J27: 308702.03 | L27: 4 | N27: =J27*L27 -> 1234808.1
A28: HERRAMIENTA MENOR (M.O) | E28: % | J28: =+N27 -> 1234808.1 | L28: 5 | N28: =(J28*L28%) -> 61740.406
K29: Total | L29: Mano de Obra | N29: =SUM(N27:N28) -> 1296548.5
A30: 4 | B30: Transporte
A32: Descripción | E32: U.M. | J32: Vr. Unitario | L32: Cantidad | N32: Vr. Parcial
K35: Total | L35: Transporte | N35: =SUM(N34) -> 0
H36: Total Costos Directos Actividad: | N36: =+N16+N22+N29+N35 -> 2588048.5

Sheet TALLERES DE EDU. AMBIENTAL
F2: Capitulo | I2: ACTIVIDADES COMPLEMENTARIAS
F3: SubCap. | I3: NUEVO
F4: Actividad | I4: BII | K4: TALLERES DE EDUCACIÓN AMBIENTAL
F5: U.M. | I5: UNIDAD
A7: 1 | B7: Materiales
A9: Descripción | E9: U.M. | J9: Vr. Unitario | L9: Cantidad | N9: Vr. Parcial
A11: TALLER DE EDUCACIÓN AMBIENTAL EN TORNO A LA CONSERVACIÓN DEL RECURSO HIDRICO. | E11: UND | J11: ='ESTUDIO DE MERCADO'!J20 -> 484000 | L11: 1 | N11: =ROUND(J11*L11,0) -> 484000
N12: =ROUND(J12*L12,0) -> 0
N14: =ROUND(J14*L14%,0) -> 0
K15: Total | L15: Materiales | N15: =SUM(N11:N14) -> 484000
A16: 2 | B16: Equipos
A18: Descripción | E18: U.M. | J18: Vr. Unitario | L18: Cantidad | N18: Vr. Parcial
N20: =ROUND(J20*L20,0) -> 0
K21: Total | L21: Equipos | N21: =SUM(N20) -> 0
A22: 3 | B22: Mano de Obra
A24: Descripción | E24: U.M. | J24: Vr. Unitario | L24: Cantidad | N24: Vr. Parcial
A26: CUADRILLA 2-1-ALBAÑILERA | E26: d | N26: =J26*L26 -> 0
A27: HERRAMIENTA MENOR (M.O) | E27: % | J27: =+N26 -> 0 | N27: =ROUND(J27*L27%,0) -> 0
K28: Total | L28: Mano de Obra | N28: =SUM(N26:N27) -> 0
A29: 4 | B29: Transporte
A31: Descripción | E31: U.M. | J31: Vr. Unitario | L31: Cantidad | N31: Vr. Parcial
A33: VIAJE DE 0 A 5 KM ( BASE) | E33: vj | N33: =ROUND(J33*L33,0) -> 0
K34: Total | L34: Transporte | N34: =SUM(N33) -> 0
H35: Total Costos Directos Actividad: | N35: =+N15+N21+N28+N34 -> 484000

Sheet ESTUDIO DE MERCADO
A1: ITEM | B1: DESCRIPCIÓN | C1: UNIDAD | D1: COTIZACION (1) | F1: COTIZACION (2) | H1: COTIZACION (3) | J1: VALOR PROMEDIO
D2: OFERENTE | E2: VALOR | F2: OFERENTE | G2: VALOR | H2: OFERENTE | I2: VALOR
A3: 1 | B3: Embarcación grande a todo costo | C3: DIA | D3: ASOPEZCAR NIT 820001734-10 | E3: 530000 | F3: ASOCIACIÓN AMBIENTALISTA LUCIERNAGA VERDE NIT: 900,960,868 | G3: 550000 | H3: COUNCO NIT-900481412 | I3: 600000 | J3: =AVERAGE(E3+G3+I3)/3 -> 560000
A4: 2 | B4: Embarcación pequeña a todo costo | C4: DIA | E4: 150000 | G4: 230000 | I4: 250000 | J4: =AVERAGE(E4+G4+I4)/3 -> 210000
A5: 3 | B5: Ganchos de acero | C5: UNIDAD | E5: 40000 | G5: 38000 | I5: 42000 | J5: =AVERAGE(E5+G5+I5)/3 -> 40000
A6: 4 | B6: Bolsas plasticas | C6: PAQUETE | E6: 8600 | G6: 9000 | I6: 10000 | J6: =AVERAGE(E6+G6+I6)/3 -> 9200
A7: 5 | B7: Costales de fibra | C7: UNIDAD | E7: 2000 | G7: 2100 | I7: 2200 | J7: =AVERAGE(E7+G7+I7)/3 -> 2100
A8: 6 | B8: Cuerda de amarre | C8: METRO | E8: 16000 | G8: 17300 | I8: 18000 | J8: =AVERAGE(E8+G8+I8)/3 -> 17100
A9: 7 | B9: PLANTULAS (INCLUYE TRANSPORTE) | C9: UNIDAD | D9: JAIMAR SOLUCIONES AMBIENTALES NIT: 900812757-6 | E9: 7500 | F9: PODAS Y PRADOS NIT: 900818773-1 | G9: 8000 | H9: ARBINESPED | I9: 8500 | J9: =AVERAGE(E9+G9+I9)/3 -> 8000
A10: 8 | B10: FERTILIZANTE TRIPLE 15 X 50 KG | C10: KG | E10: 258000 | G10: 262000 | I10: 260000 | J10: =AVERAGE(E10+G10+I10)/3 -> 260000
A11: 9 | B11: HIDRORETENEDOR X 20 KG | C11: KG | E11: 820000 | G11: 1100000 | I11: 1200000 | J11: =AVERAGE(E11+G11+I11)/3 -> 1040000
A12: 10 | B12: FUNGICIDA SCORE X LITRO | C12: LITRO | E12: 180000 | G12: 220000 | I12: 230000 | J12: =AVERAGE(E12+G12+I12)/3 -> 210000
A13: 11 | B13: ABONO ORGANICO SACO POR 50KG | C13: KG | E13: 55500 | G13: 60000 | I13: 60000 | J13: =AVERAGE(E13+G13+I13)/3 -> 58500
A14: 12 | B14: INSECTICIDA ALBATROZ X LITRO | C14: LITRO | E14: 183000 | G14: 203000 | I14: 163000 | J14: =AVERAGE(E14+G14+I14)/3 -> 183000
A15: 14 | B15: POSTE EN CONCRETO 9X9 MTS DE GROSOR, 2,10 MTS DE LARGO | C15: UNIDAD | E15: 36000 | G15: 32600 | I15: 35500 | J15: =AVERAGE(E15+G15+I15)/3 -> 34700
A16: 15 | B16: ALAMBRE DE PUAS CALIBRE 14 X 500 MTS | C16: METRO | E16: 397000 | G16: 398000 | I16: 390000 | J16: =AVERAGE(E16+G16+I16)/3 -> 395000
A17: 16 | B17: ALAMBRE GALVANIZADO CALIBRE 14 X 50 KG | C17: KG | E17: 596000 | G17: 598000 | I17: 591000 | J17: =AVERAGE(E17+G17+I17)/3 -> 595000
A18: 13 | B18: POSTE EN MADERA | C18: UNIDAD | E18: 36000 | F18: MADERAS JL S.A.S NIT: 901476962-1 | G18: 35000 | H18: MADERAS LJ NIT: 46641662-3 | I18: 35944.65 | J18: =AVERAGE(E18+G18+I18)/3 -> 35648.217
A19: 17 | B19: CAMIONETA 4 X4 | C19: DIA | D19: RYG S.A.S MONTAJES, TRANSPORTES Y ASESORIAS NIT: 901329561-2 | E19: 270000 | F19: SANTA BARBARA MULTISERVICIOS S.A.S NIT: 901048546-5 | G19: 290000 | J19: =AVERAGE(E19+G19)/2 -> 280000
A20: 18 | B20: TALLER DE EDUCACIÓN AMBIENTAL | C20: UNIDAD | D20: CEO ECOLOGIA SUSTENTABLE | E20: 464100 | F20: FREDY SANDOVAL MONRROY | G20: 487900 | H20: ASOCIACIÓN DE RECICLADORES CICLO AMBIENTAL E.S.P NIT: NIT. 901029612-2 | I20: 500000 | J20: =AVERAGE(E20+G20+I20)/3 -> 484000

Sheet AIU
A2: 1 | B2: ADMINISTRACIÓN | D2: =C3+C11+C12 -> 0.25
A3: 1.1 | B3: Gastos legales e impuestos Municipales | C3: =SUM(C4:C10) -> 0.162
A4: 1,1,1 | B4: Adulto Mayor | C4: 0.04
A5: 1,1,2 | B5: Pro Cultura | C5: 0.015
A6: 1,1,3 | B6: Pro Deporte | C6: 0.02
A7: 1,1,4 | B7: RETEICA | C7: 0.01
A8: 1,1,5 | B8: Avisos y Tableros | C8: 0.0015
A9: 1,1,6 | B9: Pólizas | C9: 0.0094
A10: 1,1,7 | B10: Impuesto Contribución Especial | C10: 0.0661
A11: 1.2 | B11: Gastos de personal y prestaciones legales | C11: 0.056
A12: 1.3 | B12: Gastos Administrativos | C12: 0.032
A13: 2 | B13: IMPREVISTO | D13: =C14 -> 0.02
A14: 2.1 | B14: IMPREVISTO | C14: 0.02
A15: 3 | B15: UTILIDAD | D15: =C16 -> 0.05
A16: 3.1 | B16: UTILIDAD | C16: 0.05
A17: TOTAL AIU | D17: =D2+D13+D15 -> 0.32
A21: ELABORÓ: | B21: ING. MAURO FAVIAN SALAZAR BUITRAGO COORDINADOR UGAM
